 Dungeon Crawl Stone Soup version 0.23.2-1-ga50397a6bc (webtiles) character file.

Game seed: 18344104334549060246

208 PentaManta the Ducker (level 5, -2/41 HPs)
             Began as a Merfolk Monk on May 30, 2019.
             Slain by a centaur (10 damage)
             ... on level 5 of the Dungeon.
             The game lasted 00:08:56 (3436 turns).

PentaManta the Ducker (Merfolk Monk)                Turns: 3436, Time: 00:08:57

Health: -2/41      AC:  3    Str: 11    XL:     5   Next: 86%
Magic:  5/5        EV: 17    Int:  9    God:
Gold:   46         SH:  0    Dex: 18    Spells: 4/4 levels left

rFire    . . .     SeeInvis .   a - +0 short sword
rCold    . . .     Gourm    .   (no shield)
rNeg     . . .     Faith    .   b - +0 robe
rPois    .         Spirit   .   h - +0 helmet
rElec    .         Reflect  .   (no cloak)
rCorr    .         Harm     .   (no gloves)
MR       .....                  (no boots)
Stlth    ++........             (no amulet)
HPRegen  0.13/turn              (no ring)
MPRegen  0.09/turn              (no ring)

@: no status effects
A: change form in water, swift swim, stealthy swim
a: no special abilities


You were on level 5 of the Dungeon.
You were not hungry.

You visited 1 branch of the dungeon, and saw 4 of its levels.
You also visited: Sewer.

You collected 46 gold pieces.

Inventory:

Hand Weapons
 a - a +0 short sword (weapon)
 o - a +0 blowgun
Missiles
 l - a stone (quivered)
 p - 12 poisoned needles
Armour
 b - a +0 robe (worn)
 h - a +0 helmet (worn)
Scrolls
 d - 2 scrolls of enchant weapon {unknown}
 f - a scroll of remove curse
 g - a scroll of amnesia {unknown}
 n - 2 scrolls of teleportation
 q - a scroll of fear {unknown}
 r - a scroll of blinking {unknown}
Potions
 e - a potion of flight {unknown}
 i - 2 potions of curing
 j - 2 potions of heal wounds {unknown}
 k - 3 potions of might {unknown}
 m - a potion of magic {unknown}
Comestibles
 c - 7 rations


   Skills:
 - Level 3.2 Fighting
 + Level 5.9 Short Blades
 + Level 6.5 Dodging
 - Level 2.1 Stealth


You had 4 spell levels left.
You didn't know any spells.
Your spell library was empty.

Dungeon Overview and Level Annotations

Branches:
Dungeon (3/15)

Altars:
Fedhas


Message History

You barely miss the centaur.
The centaur is severely wounded.
The centaur completely misses you. The centaur misses you.
You barely miss the centaur.
The centaur is severely wounded.
The centaur misses you.
You hit the centaur.
The centaur is severely wounded.
The centaur hits you.
* * * LOW HITPOINT WARNING * * *
You barely miss the centaur.
The centaur is severely wounded.
The centaur hits you but does no damage.
You hit the centaur but do no damage.
The centaur is severely wounded.
The centaur completely misses you.
You hit the centaur but do no damage.
The centaur is severely wounded.
The centaur misses you. The centaur hits you!
You die...

.# .######
......# #####
....$.# ..#....
......#
(....PPPP.......
#.PcPPP.....#
PP@.P.#
.....w.PPP.#
..##.PPP...#
.....#....#
#.#########.# #
..# .# ..


You could see a centaur and a worm.

Vanquished Creatures
  An iguana (D:3)
  9 adders
  3 dart slugs
  A leopard gecko (D:1)
  An orc (D:3)
  7 ball pythons
  6 giant cockroaches
  5 goblins
  9 hobgoblins
  13 jackals
  10 bats
  13 frilled lizards
  10 kobolds
  4 rats
  A plant (Sewer)
93 creatures vanquished.

Notes
Turn   | Place    | Note
-------+----------+-------------------------------------------
     0 | D:1      | PentaManta the Merfolk Monk began the quest for the Orb.
     0 | D:1      | Reached XP level 1. HP: 18/18 MP: 1/1
    81 | D:1      | Reached XP level 2. HP: 17/24 MP: 2/2
   505 | D:1      | Reached XP level 3. HP: 20/29 MP: 3/3
  1151 | D:2      | Reached skill level 5 in Dodging
  1556 | D:2      | Found a faded altar of an unknown god.
  1637 | D:2      | Reached XP level 4. HP: 24/35 MP: 4/4
  2040 | D:3      | Reached skill level 5 in Short Blades
  2130 | D:3      | Reached XP level 5. HP: 38/41 MP: 5/5
  2229 | D:3      | Reached skill level 6 in Dodging
  2288 | D:3      | Found a glowing drain.
  2293 | Sewer    | Entered a sewer
  3412 | D:3      | You fall through a shaft for 2 floors!
  3412 | D:5      | Entered Level 5 of the Dungeon
  3412 | D:5      | Found a blossoming altar of Fedhas.
  3413 | D:5      | Noticed a centaur
  3436 | D:5      | Slain by a centaur

Skill      XL: |  1  2  3  4  5 |
---------------+----------------+-----
Short Blades   | 4 5 |  5.9
Dodging        | 5 6 |  6.5
Fighting       | |  3.2
Stealth        | |  2.1

Action                   |  1- 3 |  4- 6 || total
-------------------------+-------+-------++-------
Melee: Short sword       |   154 |   324 ||   478
       Tailslap          |       |    30 ||    30
  Use: Scroll            |       |     5 ||     5
       Potion            |       |     1 ||     1
 Stab: Sleeping          |     5 |     6 ||    11
       Distracted        |       |     1 ||     1
  Eat: Chunk             |     2 |     6 ||     8
Armor: Robe              |    35 |    43 ||    78
Dodge: Dodged            |   122 |   218 ||   340
